 Dungeon Crawl Stone Soup version 0.18.1-48-g4cf74bf (webtiles) character file.

2943 Peloso the Blocker (level 9, -7/78 (79) HPs)
             Began as a Minotaur Fighter on Sept 2, 2016.
             Was a Believer of Okawaru.
             Killed from afar by fornasd's ghost (21 damage)
             ... with an orb of energy
             ... on level 8 of the Dungeon.
             The game lasted 00:14:36 (5342 turns).

Peloso the Blocker (Minotaur Fighter)               Turns: 5342, Time: 00:14:36

HP:   -7/78 (79)    AC: 14    Str: 22    XL:     9   Next: 51%
MP:   7/8           EV:  9    Int:  7    God:    Okawaru [**....]
Gold: 334           SH: 11    Dex: 12    Spells: 0 memorised, 8 levels left

rFire  . . .     SeeInvis .     a - +0 long sword
rCold  . . .     Gourm    .     M - +0 chain mail
rNeg   . . .     Faith    .     c - +0 shield
rPois  .         Spirit   .     (helmet restricted)
rElec  .         Dismiss  .     (no cloak)
rCorr  .         Reflect  .     G - +1 pair of gloves
SustAt .         Harm     .     L - +0 pair of boots
MR     +....                    (no amulet)
Stlth  ..........               p - ring of protection from magic
                                H - +2 ring of intelligence

@: somewhat resistant to hostile enchantments, extremely unstealthy
A: retaliatory headbutt, horns 2
a: Heroism, Renounce Religion


You were on level 8 of the Dungeon.
You worshipped Okawaru.
Okawaru was pleased with you.
You were not hungry.

You visited 2 branches of the dungeon, and saw 9 of its levels.

You collected 334 gold pieces.

Inventory:

Hand Weapons
 a - a +0 long sword (weapon)
 O - a +1 dagger of flaming
Armour
 b - a +0 scale mail
 c - a +0 shield (worn)
 G - a +1 pair of gloves (worn)
 L - a +0 pair of boots (worn)
 M - a +0 chain mail (worn)
Jewellery
 o - an uncursed ring of stealth
 p - a ring of protection from magic (right hand)
 u - an uncursed amulet of guardian spirit
 H - a +2 ring of intelligence (left hand)
Wands
 F - a wand of hasting (8/9)
 Q - a wand of iceblast (6/15)
 R - a wand of slowing (20/48)
Scrolls
 e - 4 scrolls of enchant armour
 g - 2 scrolls of recharging
 i - a scroll of identify
 j - 2 scrolls of fog {unknown}
 l - 2 scrolls of teleportation
 q - 4 scrolls of remove curse
 s - 2 scrolls of immolation {unknown}
 v - a scroll of amnesia {unknown}
 y - 2 scrolls of blinking {unknown}
 A - a scroll of holy word {unknown}
 D - 3 scrolls of noise {unknown}
Potions
 d - a potion of might
 k - a potion of resistance
 m - a potion of berserk rage
 n - a potion of haste
 r - 5 potions of curing
 w - a potion of invisibility {unknown}
 B - a potion of magic {unknown}
 C - a potion of mutation {unknown}
 J - a potion of flight {unknown}
 K - a potion of cancellation {unknown}
 P - a potion of agility {unknown}
Books
 I - a book of Battle

   Spells                             Type                      Level
   a - Infusion                       Charms                       1
   b - Shroud of Golubria             Charms/Translocation         2
   c - Song of Slaying                Charms                       2
   d - Spectral Weapon                Hexes/Charms                 3
   e - Regeneration                   Charms/Necromancy            3
Comestibles
 f - 13 bread rations
 h - 7 meat rations
 t - 4 fruits
 x - 2 beef jerkies
 z - a royal jelly
 E - a chunk of flesh
 N - 2 slices of pizza


   Skills:
 + Level 7.3 Fighting
 + Level 7.9 Long Blades
 + Level 8.3 Armour
 + Level 5.3 Dodging
 + Level 1.0 Stealth
 + Level 8.4 Shields


You had 8 spell levels left.
You didn't know any spells.

Dungeon Overview and Level Annotations

Branches:
Dungeon (8/15)             Temple (1/1) D:6
   Lair: D:8-11

Altars:
Cheibriados
Dithmenos
Elyvilon
Gozag
Nemelex Xobeh
Okawaru
Qazlal
Ru
Sif Muna
Trog
Xom
Yredelemnul
Zin
The Shining One

Annotations:
D:8 fornasd's ghost, novice DECj


Innate Abilities, Weirdness & Mutations

You reflexively headbutt those who attack you in melee.
You have a pair of horns on your head.


Message History

Fornasd's ghost is severely damaged.
Fornasd's ghost points at you and mumbles some strange words.
The magic dart hits you!
You bump into the rock wall.
You feel like a meek peon again.
Fornasd's ghost points at you and mumbles some strange words.
The spray of energy hits you!
* * * LOW HITPOINT WARNING * * *
You barely miss fornasd's ghost.
Fornasd's ghost is severely damaged.
Fornasd's ghost barely misses you.
You bump into the rock wall.
Fornasd's ghost casts a spell at you. The magic dart hits you!
You hit fornasd's ghost but do no damage.
Fornasd's ghost is severely damaged.
You feel less confused.
Fornasd's ghost points at you and mumbles some strange words.
The orb of energy hits you!
You die...

.....
########..#
.....
........##
......#..#
......#..#
......#..#
..#######.#
... #.##
....o####..#
...oOFW@..>#
...oo###.#.#
... #.#.# #
#.#.# #.#.#
#.#.# #.#.#
#.#.#


You could see an ogre, a giant frog, fornasd's ghost and 4 orcs.

Vanquished Creatures
  Joseph (D:7)
  A spriggan (D:7)
  An orc warrior (D:7)
  A sky beast (D:7)
  A necrophage (D:5)
  4 ice beasts (D:6)
  A phantom (D:3)
  2 ogres
  3 centaurs
  A crocodile (D:8)
  4 giant frogs (D:7)
  3 killer bees (D:8)
  3 howler monkeys (D:8)
  2 crimson imps
  A giant frog zombie (D:8)
  3 hounds
  An orc priest (D:4)
  7 orc wizards
  A centaur skeleton (D:5)
  4 worker ants
  8 gnolls
  7 adders
  A shadow imp (D:5)
  An adder skeleton (D:6)
  3 worms
  A dart slug (D:2)
  4 giant geckos
  21 orcs
  2 giant cockroaches
  10 goblins
  7 hobgoblins
  7 jackals
  6 kobolds
  3 quokkas
  2 ball pythons (D:1)
  14 bats
  5 giant newts
  A jackal skeleton (D:7)
  7 rats
155 creatures vanquished.

Notes
Turn   | Place    | Note
--------------------------------------------------------------
     0 | D:1      | Peloso the Minotaur Fighter began the quest for the Orb.
     0 | D:1      | Reached XP level 1. HP: 19/19 MP: 0/0
   132 | D:1      | Reached XP level 2. HP: 27/27 MP: 1/1
   335 | D:1      | Reached XP level 3. HP: 22/33 MP: 2/2
  1120 | D:3      | Reached XP level 4. HP: 40/40 MP: 3/3
  1134 | D:3      | Reached skill level 1 in Dodging
  1145 | D:3      | Noticed a phantom
  1162 | D:3      | Killed a phantom
  1162 | D:3      | Reached XP level 5. HP: 41/47 MP: 4/4
  1402 | D:3      | Found a shadowy altar of Dithmenos.
  1585 | D:3      | Found a snail-covered altar of Cheibriados.
  1792 | D:3      | Reached skill level 5 in Armour
  1797 | D:3      | Reached XP level 6. HP: 46/55 MP: 5/5
  1986 | D:4      | Found a stormy altar of Qazlal.
  2009 | D:4      | Reached skill level 5 in Fighting
  2094 | D:4      | Reached skill level 5 in Shields
  2197 | D:4      | Reached XP level 7. HP: 37/61 MP: 3/6
  2388 | D:4      | Reached skill level 5 in Long Blades
  2464 | D:5      | Entered Level 5 of the Dungeon
  2566 | D:5      | Found a white marble altar of Elyvilon.
  2644 | D:5      | Found a glowing silver altar of Zin.
  3052 | D:5      | Found a glowing golden altar of the Shining One.
  3206 | D:6      | Reached XP level 8. HP: 41/69 MP: 4/7
  3286 | D:6      | Found a sparkling altar of Nemelex Xobeh.
  3367 | D:6      | Found a staircase to the Ecumenical Temple.
  3402 | Temple   | Entered the Ecumenical Temple
  3484 | Temple   | Became a worshipper of Warmaster Okawaru
  4025 | D:7      | Reached * piety under Okawaru
  4027 | D:7      | Noticed Joseph
  4051 | D:7      | Killed Joseph
  4160 | D:7      | Reached XP level 9. HP: 72/77 MP: 8/8
  4256 | D:7      | Reached skill level 5 in Dodging
  4500 | D:7      | Reached skill level 1 in Stealth
  4634 | D:7      | Reached ** piety under Okawaru
  5306 | D:8      | Noticed fornasd's ghost (novice DECj)
  5342 | D:8      | Killed from afar by fornasd's ghost

Skill      XL: |  1  2  3  4  5  6  7  8  9 |
---------------+----------------------------+-----
Fighting       | 4 5 6 7 |  7.3
Armour         | 4 5 6 7 8 |  8.3
Long Blades    | 3 4 6 7 |  7.9
Shields        | 4 5 7 8 |  8.4
Dodging        | 1 2 3 4 5 |  5.3
Stealth        | 1 |  1.0

Action                   |  1- 3 |  4- 6 |  7- 9 || total
-------------------------+-------+-------+-------++-------
Melee: Long sword        |   120 |   131 |   291 ||   542
       Headbutt          |    15 |    32 |    54 ||   101
Invok: Heroism           |       |       |     1 ||     1
  Use: Scroll            |       |       |     9 ||     9
  Eat: Chunk             |     1 |     4 |    10 ||    15
Armor: Scale mail        |    85 |    52 |    47 ||   184
       Chain mail        |       |       |    47 ||    47
Dodge: Dodged            |    56 |    44 |    86 ||   186
Block: Shield            |    68 |    70 |   149 ||   287
